 Dungeon Crawl Stone Soup version 0.28-a0-957-g42eb19b844 (webtiles) character file.

Game seed: 2947966927647131872

48 croobank the Insei (level 3, -2/23 HPs)
             Began as an Octopode Transmuter on Dec 1, 2021.
             Slain by a goblin (3 damage)
             ... led by Robin
             ... on level 2 of the Dungeon.
             The game lasted 00:07:45 (1748 turns).

croobank the Insei (Octopode Transmuter)            Turns: 1748, Time: 00:07:45

Health: -2/23      AC:  1    Str: 11    XL:     3   Next: 72%
Magic:  6/6        EV: 13    Int: 15    God:
Gold:   154        SH:  0    Dex: 12    Spells: 0/6 levels left

rFire   . . .      SeeInvis .   j - +1 dagger (speed)
rCold   . . .      Faith    .   (no shield)
rNeg    . . .      Spirit   .   (helmet restricted)
rPois   .          Reflect  .   (no amulet)
rElec   .          Harm     .   (no ring)
rCorr   .          Rampage  .   (no ring)
Will    .....                   (no ring)
Stlth   +++.......              (no ring)
HPRegen 0.07/turn               (no ring)
MPRegen 0.10/turn               (no ring)
                                (no ring)
                                (no ring)

@: no status effects
A: almost no armour, amphibious, 8 rings, camouflage 1, gelatinous body 1,
(nimble swimmer 1), tentacles
a: no special abilities


You were on level 2 of the Dungeon.
You visited 1 branch of the dungeon, and saw 2 of its levels.

You collected 154 gold pieces.

Inventory:

Hand Weapons
 a - a +0 short sword
 b - a +0 hunting sling of flaming
 d - a +0 quarterstaff
 i - a +0 dagger
 j - a +1 dagger of speed (weapon)
Missiles
 c - 38 stones
 h - 22 poisoned darts
Scrolls
 e - a scroll of teleportation
 f - a scroll of fog
 g - a scroll of summoning {unknown}


   Skills:
 + Level 1.1 Fighting
 * Level 1.0 Short Blades
 + Level 0.2 Staves
 + Level 2.1 Dodging
 + Level 1.1 Stealth
 + Level 3.6 Unarmed Combat
 + Level 2.1 Spellcasting
 + Level 2.2 Transmutations
 * Level 0.7 Poison Magic


You couldn't memorise any spells.
You knew the following spells:

 Your Spells              Type           Power      Damage    Failure   Level
a - Beastly Appendage     Tmut           16%        N/A       9%          1
b - Wereblood             Tmut           8%         N/A       14%         2
c - Spider Form           Tmut/Pois      5%         N/A       36%         3

Your spell library contained the following spells:

 Spells                   Type           Power      Damage    Failure   Level
 Ice Form                 Ice/Tmut       4%         N/A       80%         4


Dungeon Overview and Level Annotations

Branches:
Dungeon (2/15)

Altars:

Shops:
D:1 :


Innate Abilities, Weirdness & Mutations

You cannot wear most types of armour.
You are amphibious.
You can wear up to eight rings at the same time.
Your skin changes colour to match your surroundings (Stealth+).
Your rubbery body absorbs attacks. (AC +1, EV +1)
((You are camouflaged near water. (Stealth+)))
You have tentacles for arms and can constrict up to eight enemies at once.


Message History

Things that are here:
a +0 club; a +0 dagger; a goblin corpse The goblin closely misses you.
You see here a +0 dagger.
You hit the goblin. You grab the goblin.
The goblin is moderately wounded.
You constrict the goblin, but do no damage.
You hit the goblin.
You kill the goblin!
Things that are here:
a +0 club; a +0 dagger; a goblin corpse A goblin comes into view.
It is wielding a +0 club.
The goblin shouts!
A hobgoblin comes into view.
The goblin hits you with a +0 club.
You closely miss the goblin. Your grab misses the goblin.
The goblin hits you with a +0 club.
You barely miss the goblin. Your grab misses the goblin.
You closely miss the goblin. Your grab misses the goblin.
Your squeeze misses the goblin. The goblin hits you with a +0 club.
You closely miss the hobgoblin. Your grab misses the hobgoblin.
The hobgoblin barely misses you. The goblin hits you with a +0 club.
You aren't carrying any potions.
Unknown command.
The goblin closely misses you. The goblin hits you with a +0 club.
* * * LOW HITPOINT WARNING * * *
Okay, then.
You hit the hobgoblin. Your grab misses the hobgoblin.
The hobgoblin is severely wounded.
The hobgoblin hits you.
* * * LOW HITPOINT WARNING * * *
You hit the hobgoblin.
You kill the hobgoblin!
You miss the goblin. You grab the goblin.
You constrict the goblin, but do no damage.
The goblin barely misses you.
You barely miss the goblin. You constrict the goblin.
The goblin hits you with a +0 club.
You die...

##.......#########..#
#......<†.........).#
#......†.##.........#
#.##...####...#######
#..........#
########.#.# #.#.#
#g#)# #@#)# #.#)#
#.#.# ........#
......### ..###.. #..
#..


You could see a goblin.

Vanquished Creatures
  Robin (D:2)
  2 dart slugs
  2 endoplasms
  4 hobgoblins
  2 quokkas (D:1)
  A ball python (D:1)
  2 bats
  4 frilled lizards (D:1)
  8 goblins
  3 kobolds
  5 rats (D:1)
34 creatures vanquished.

Notes
Turn   | Place    | Note
-------+----------+-------------------------------------------
     0 | D:1      | croobank the Octopode Transmuter began the quest for the
                  | Orb.
     0 | D:1      | Reached XP level 1. HP: 13/13 MP: 3/3
   104 | D:1      | Found Hoarown's Book Shop.
   421 | D:1      | Reached XP level 2. HP: 9/18 MP: 5/5
  1538 | D:2      | Reached XP level 3. HP: 14/23 MP: 6/6
  1658 | D:2      | Learned a level 2 spell: Wereblood
  1662 | D:2      | Learned a level 3 spell: Spider Form
  1693 | D:2      | Noticed Robin
  1698 | D:2      | Killed Robin
  1718 | D:2      | Reached skill level 1 in Stealth
  1721 | D:2      | Reached skill level 1 in Short Blades
  1744 | D:2      | HP: 1/23 [hobgoblin[Robin] (4)]
  1748 | D:2      | Slain by a goblin

Illustrated notes

Levels and vault maps discovered:
D:1:      grunt_arrival_lava_bath, layout_loops_cross, serial_shops, shop_coins
D:2:      layout_loops_ring, basic_altar, shapermc_ecumenical_altar_venn,
          uniq_robin, uniq_sigmund

Skill      XL: |  1  2  3 |
---------------+----------+-----
Stealth        | 1 |  1.1
Short Blades   | 1 |  1.0
Fighting       | |  1.1
Staves         | |  0.2
Dodging        | |  2.1
Unarmed Combat | |  3.6
Spellcasting   | |  2.1
Transmutations | |  2.2
Poison Magic   | |  0.7

Action                   || total
-------------------------++-------
Melee: Unarmed           ||    14
       Constrict         ||    22
       Quarterstaff      ||    11
       Tentacles         ||    13
       Short sword       ||    35
       Kick              ||    11
       Dagger            ||    16
 Fire: Hunting sling     ||     4
 Cast: Beastly Appendage ||    11
       Wereblood         ||     1
  Use: Scroll            ||     2
 Stab: Sleeping          ||     4
Armor: Skin              ||     7
Dodge: Dodged            ||    48

Table legend: (Time is in decaauts)
 A = Elapsed time spent in this place.
 B = Non-inter-level travel time spent in this place.
 C = Inter-level travel time spent in this place.
 D = Time resting spent in this place.
 E = Time spent auto-exploring this place.
 F = Levels seen in this place.
 G = Mean time per level.
                   A        B        C        D        E       F      G
               +--------+--------+--------+--------+--------+-----+--------+
         Total |   1747 |   1701 |     46 |    284 |   1092 |   2 |  873.5 |
       Dungeon |   1747 |   1701 |     46 |    284 |   1092 |   2 |  873.5 |
               +--------+--------+--------+--------+--------+-----+--------+

Top non-repeatable levels by time:
     D:1: 1529 daAuts
     D:2: 218 daAuts
